General information
- name: BNet
- type: Ladder 1vs1/FFA
- host: Battle.net
- saver: MUGAROISCOOL
map: TirisfalGlades
- players: 2
- length: 17:50
- speed: Fast
- version: 1.26 W3XP
- replay type: Public
» download(48 KB)
Players
team 1 (loser)
joejo86 (
orange | 22 APM | 398 actions | 17:48)
6 Mountain King
1 Bash
3 Thunder Clap
1 Storm Bolt
1 Avatar
» actions
| Basic commands | 3 | |
| Build / train | 41 | |
| Enter build submenu | 11 | |
| Enter hero's abilities submenu | 6 | |
| Right click | 215 | |
| Select / deselect | 91 | |
| Use ability | 31 | |
398 total
» units
| Peasant | 8 | |
| Footman | 12 | |
| Rifleman | 2 | |
22 total
» upgrades
» buildings
| Altar of Kings | 1 | |
| Farm | 6 | |
| Barracks | 2 | |
| Blacksmith | 1 | |
| Scout Tower | 3 | |
| Lumber Mill | 1 | |
| Guard Tower | 3 | |
17 total
» build order
00:10 Altar of Kings
00:30 Farm
01:17 Farm
01:18 Farm
01:30 Farm
01:31 Farm
01:34 Farm
02:09 Barracks
02:45 Blacksmith
03:21 Scout Tower
03:24 Scout Tower
03:27 Scout Tower
05:47 Lumber Mill
07:04 Guard Tower
07:06 Guard Tower
07:09 Guard Tower
09:48 Barracks
» items
| Potion of Invisibility | 1 | |
| Scroll of Healing | 2 | |
| Potion of Lesser Invulnerability | 1 | |
| Boots of Speed | 1 | |
| Circlet of Nobility | 1 | |
6 total
team 2 (winner)
MUGAROISCOOL (
green | 97 APM | 1730 actions | 17:50)
2 Beastmaster
1 Summon Quilbeast
1 Summon Hawk
» actions
| Assign group hotkey | 36 | |
| Basic commands | 36 | |
| Build / train | 59 | |
| Enter build submenu | 5 | |
| Enter hero's abilities submenu | 2 | |
| Right click | 849 | |
| Select / deselect | 341 | |
| Select group hotkey | 393 | |
| Use ability | 9 | |
1730 total
» units
» buildings
| Necropolis | 4 | |
| Altar of Darkness | 1 | |
5 total
» build order
00:10 Necropolis
00:41 Necropolis
01:08 Necropolis
05:34 Necropolis
15:43 Altar of Darkness
Chat log
(00:44 / All) MUGAROISCOOL: hello joe
(01:36 / All) joejo86: hi im nre
(01:38 / All) joejo86: new
(02:48 / All) MUGAROISCOOL: hi
(02:52 / All) MUGAROISCOOL: ill give u hints
(02:54 / All) MUGAROISCOOL: if u want them
(03:07 / All) MUGAROISCOOL: always protect ur base with ur hero and units
(04:11 / All) MUGAROISCOOL: what are you having trouble with joe
(06:15 / All) joejo86: haha u see
(06:17 / All) joejo86: i suck
(06:41 / All) MUGAROISCOOL: u doing good
(10:57 / All) MUGAROISCOOL: doing good joe doig good